[Event "Titled Tuesday Blitz August 1 Early 2023"]
[White "Martinez Reyes, Pedro Ramon"]
[Black "Vila Dupla, Aurelio"]
[WhiteFideId "3901807"]
[BlackFideId "2203383"]
[WhiteElo "2519"]
[BlackElo "2146"]
[Result "1-0"]
[Round "3"]
[TimeControl "180+1"]
[Date "2023.08.01"]
[WhiteClock "0:00:35"]
[BlackClock "0:00:06"]
[Board "181"]

1. d4 Nf6 2. Nc3 d5 3. Bg5 Nbd7 4. f3 h6 5. Bh4 c5 6. e4 cxd4 7. Bxf6 Nxf6 8. Qxd4 e6 9. O-O-O Be7 10. Bb5+ Bd7 11. Bxd7+ Qxd7 12. exd5 exd5 13. Nxd5 Nxd5 14. Qxd5 Qxd5 15. Rxd5 Bg5+ 16. Kb1 Rd8 17. Rxd8+ Kxd8 18. Ne2 Re8 19. Rd1+ Kc7 20. Nc3 Kc6 21. Ne4 Bf4 22. g3 Be5 23. c3 f5 24. Nd2 Bd6 25. Nc4 Bc7 26. a4 Re2 27. Rd2 Re1+ 28. Kc2 h5 29. Kd3 g5 30. b4 g4 31. f4 h4 32. Ne3 hxg3 33. hxg3 Rg1 34. Rg2 Rxg2 35. Nxg2 Kd7 36. Ne3 Ke6 37. a5 a6 38. c4 Bd6 39. Nd5 Bf8 40. Kd4 Bd6 41. c5 Bf8 42. Ne3 Bg7+ 43. Kc4 Bb2 44. b5 axb5+ 45. Kxb5 Bc1 46. Nc4 Kd5 47. Nd6 Ke6 48. Nxb7 Bxf4 49. a6 Bb8 50. c6 f4 51. c7 Bxc7 52. a7 fxg3 53. a8=Q g2 54. Nc5+ Kf5 55. Qxg2 1-0


[Site "https://www.chess.com"]

[Event "Titled Tuesday Blitz August 1 Early 2023"]
[White "Feliz Dotel, Dewar Bienvenido"]
[Black "Gontcharov, Vladislav"]
[WhiteFideId "6402801"]
[BlackFideId "4123492"]
[WhiteElo "2126"]
[BlackElo "2519"]
[Result "0-1"]
[Round "3"]
[TimeControl "180+1"]
[Date "2023.08.01"]
[WhiteClock "0:00:00"]
[BlackClock "0:00:19"]
[Board "182"]

1. d4 Nf6 2. e3 g6 3. Nf3 Bg7 4. Be2 O-O 5. b4 a5 6. b5 d6 7. O-O Nbd7 8. Bb2 b6 9. c4 Bb7 10. a4 e6 11. Nbd2 Qe7 12. Rc1 Rfe8 13. Qc2 h6 14. Nb3 Ne4 15. Nbd2 f5 16. Nxe4 Bxe4 17. Qd1 e5 18. dxe5 Nxe5 19. Nxe5 Bxe5 20. Bxe5 Qxe5 21. Bf3 Kg7 22. Bxe4 Qxe4 23. Re1 Re5 24. Qd4 Re8 25. Qxe4 Rxe4 26. g3 g5 27. Red1 f4 28. exf4 gxf4 29. Kg2 fxg3 30. hxg3 Re2 31. Rd4 Rf8 32. Rg4+ Kh7 33. Rf1 Ra2 34. Re4 Rf7 35. g4 Rxa4 36. f3 d5 37. Rd4 dxc4 38. Rc1 Ra2+ 39. Kg3 Ra3 40. Rf1 c3 41. Rc4 Rb3 42. Rf2 Rxb5 43. Rxc3 c5 44. Rd3 a4 45. Rd6 Rb3 46. g5 hxg5 47. Kg4 a3 48. Rh2+ Kg7 49. Kxg5 Rbxf3 50. Re2 R3f5+ 51. Kg4 R5f6 0-1


[Site "https://www.chess.com"]

[Event "Titled Tuesday Blitz August 1 Early 2023"]
[White "Goltseva, Ekaterina"]
[Black "Gyulamiryan-koryun"]
[WhiteFideId "24173770"]
[WhiteElo "2518"]
[BlackElo "2068"]
[Result "1-0"]
[Round "3"]
[TimeControl "180+1"]
[Date "2023.08.01"]
[WhiteClock "0:00:15"]
[BlackClock "0:00:11"]
[Board "183"]

1. e4 c5 2. Nf3 d6 3. d4 cxd4 4. Nxd4 Nf6 5. Nc3 a6 6. Be2 e5 7. Nb3 Be7 8. O-O Be6 9. f4 exf4 10. Bxf4 Qc7 11. Nd4 Nbd7 12. Nxe6 fxe6 13. Bh5+ g6 14. Bg4 Qb6+ 15. Kh1 Qxb2 16. Bd2 Nxg4 17. Rb1 Nf2+ 18. Rxf2 Qa3 19. Rxb7 O-O-O 20. Qb1 Qc5 21. Rf3 Ne5 22. Na4 Qc6 23. Rc3 Nc4 24. Rxc4 Qxc4 25. Rxe7 Qb5 26. Qxb5 axb5 27. Nb6+ Kb8 28. Bb4 d5 29. Bc3 dxe4 30. Be5+ 1-0


[Site "https://www.chess.com"]

[Event "Titled Tuesday Blitz August 1 Early 2023"]
[White "Preobrazhenska_D2011"]
[Black "Berezin, Viktor"]
[BlackFideId "14107872"]
[WhiteElo "2058"]
[BlackElo "2518"]
[Result "0-1"]
[Round "3"]
[TimeControl "180+1"]
[Date "2023.08.01"]
[WhiteClock "0:00:00"]
[BlackClock "0:00:32"]
[Board "184"]

1. e4 g6 2. d4 Bg7 3. Nf3 d6 4. Be2 Nf6 5. Nc3 O-O 6. O-O c6 7. Re1 Nbd7 8. Bg5 Qc7 9. Qd2 e5 10. Rad1 Re8 11. Bf1 Nf8 12. Bh6 Ne6 13. Bxg7 Kxg7 14. d5 cxd5 15. exd5 Nf4 16. Ng5 a6 17. g3 N4h5 18. Bg2 h6 19. Nf3 b5 20. a4 b4 21. Ne4 a5 22. Nxf6 Nxf6 23. c3 b3 24. Rc1 Bd7 25. Ra1 Qc4 26. Nh4 Rab8 27. Red1 Bg4 28. f3 Bd7 29. Bf1 Qc5+ 30. Kh1 e4 31. f4 e3 32. Qg2 Ne4 33. Be2 Nf2+ 34. Kg1 Bh3 35. Qf3 Bg4 36. Qg2 Bxe2 37. Re1 Bg4 38. Nf3 Bh3 0-1


[Site "https://www.chess.com"]

[Event "Titled Tuesday Blitz August 1 Early 2023"]
[White "Keleberda, Tymur"]
[Black "Lohani, Sujana"]
[WhiteFideId "14174294"]
[BlackFideId "12311987"]
[WhiteElo "2517"]
[BlackElo "1948"]
[Result "1-0"]
[Round "3"]
[TimeControl "180+1"]
[Date "2023.08.01"]
[WhiteClock "0:01:37"]
[BlackClock "0:00:00"]
[Board "185"]

1. d4 Nf6 2. c4 d6 3. Nf3 g6 4. g3 Bg7 5. Bg2 O-O 6. Nc3 Nc6 7. O-O e5 8. e4 exd4 9. Nxd4 Ne5 10. b3 h5 11. h3 Bd7 12. Bg5 Qc8 13. Kh2 Nh7 14. Be3 g5 15. f4 gxf4 16. gxf4 Ng6 17. Qxh5 Nf6 18. Qg5 Nh7 19. Qg3 Kh8 20. Rad1 Rg8 21. Nd5 c6 22. Ne7 Nxe7 23. Qf2 Ng6 24. Ne2 Qc7 25. Rd2 Rae8 26. Rfd1 d5 27. e5 Bf5 28. Ng3 Nh4 29. cxd5 cxd5 30. Bxd5 Qa5 31. Bxa7 Bg6 32. Bb6 Qb5 33. a4 Qd7 34. Bc4 Qc8 35. Bb5 Re6 36. Bd7 Qc3 37. Bxe6 Nf3+ 38. Kg2 Nxd2 39. Qxd2 Qxd2+ 40. Rxd2 fxe6 41. Rd7 Bc2 42. a5 Bxb3 43. Kf2 Bh6 44. Nh5 Nf8 45. Rxb7 Bd5 46. Rf7 Ng6 47. Nf6 Rg7 48. Rxg7 Kxg7 49. Nxd5 exd5 50. a6 Ne7 51. a7 Nc6 52. a8=Q Bxf4 53. Qxc6 Bxe5 54. Qxd5 1-0


[Site "https://www.chess.com"]

[Event "Titled Tuesday Blitz August 1 Early 2023"]
[White "Santos Flores, Alberto"]
[Black "Skiadopoulos, Nikolaos"]
[WhiteFideId "3601234"]
[BlackFideId "4200772"]
[WhiteElo "2516"]
[BlackElo "1841"]
[Result "1/2-1/2"]
[Round "3"]
[TimeControl "180+1"]
[Date "2023.08.01"]
[WhiteClock "0:01:30"]
[BlackClock "0:00:19"]
[Board "186"]

1. e4 c5 2. Nf3 Nc6 3. Nc3 Nf6 4. d4 cxd4 5. Nxd4 e5 6. Ndb5 d6 7. Bg5 a6 8. Na3 b5 9. Bxf6 gxf6 10. Nd5 Bg7 11. c3 f5 12. exf5 Bxf5 13. Nc2 O-O 14. Nce3 Bg6 15. h4 h5 16. Be2 Ne7 17. Bxh5 Nxd5 18. Nxd5 Be4 19. Bf3 Bxf3 20. Qxf3 e4 21. Qf5 Re8 22. h5 Re5 23. Qg4 Rxd5 24. h6 Qg5 25. Qxg5 Rxg5 26. hxg7 Rxg2 27. O-O-O Kxg7 28. Rxd6 Rxf2 29. Rg1+ Kf8 30. Re1 Re8 31. Rxa6 e3 32. Rb6 Re5 33. a4 bxa4 34. Rb4 a3 35. bxa3 Ra2 36. Kb1 Rxa3 37. Kb2 Ra7 38. Rf4 Ke7 39. Rf3 Rb5+ 40. Kc2 Ra2+ 41. Kd3 e2 42. Rxe2+ Rxe2 43. Kxe2 f5 44. Kd3 Ke6 45. c4 Rb3+ 46. Ke2 Rxf3 47. Kxf3 Ke5 48. c5 Kd5 49. Kf4 Kxc5 50. Kxf5 1/2-1/2


[Site "https://www.chess.com"]

[Event "Titled Tuesday Blitz August 1 Early 2023"]
[White "Sosa, Tomas"]
[Black "Amanov, Zhanibek"]
[WhiteFideId "121576"]
[BlackFideId "13700189"]
[WhiteElo "2819"]
[BlackElo "2388"]
[Result "1-0"]
[Round "3"]
[TimeControl "180+1"]
[Date "2023.08.01"]
[WhiteClock "0:00:42"]
[BlackClock "0:00:02"]
[Board "187"]

1. d4 d5 2. c4 c6 3. Nf3 Nf6 4. Qc2 dxc4 5. Qxc4 Bf5 6. Nc3 e6 7. g3 Nbd7 8. Bg2 Nb6 9. Qb3 Be7 10. O-O h6 11. Rd1 O-O 12. Ne5 Nfd5 13. e4 Nxc3 14. bxc3 Bh7 15. a4 Qc7 16. Bf4 g5 17. Be3 Nd7 18. f4 Nxe5 19. dxe5 gxf4 20. gxf4 Kh8 21. Kh1 Rg8 22. Bf3 c5 23. Qc4 a6 24. Rab1 b6 25. Rb2 Qc6 26. Rf1 Rab8 27. f5 Bg5 28. Bd4 Rbc8 29. Bg1 Bf4 30. Qxa6 exf5 31. Rxb6 Qd7 32. Rb7 Qd3 33. Qxd3 1-0


[Site "https://www.chess.com"]

[Event "Titled Tuesday Blitz August 1 Early 2023"]
[White "Velasco, Santiago"]
[Black "Adury, Anant"]
[WhiteFideId "4401328"]
[BlackFideId "30964687"]
[WhiteElo "2533"]
[BlackElo "2354"]
[Result "0-1"]
[Round "3"]
[TimeControl "180+1"]
[Date "2023.08.01"]
[WhiteClock "0:00:48"]
[BlackClock "0:00:06"]
[Board "188"]

1. e4 e5 2. Nf3 Nf6 3. d3 Nc6 4. Be2 Bc5 5. h3 h6 6. c3 d6 7. Nbd2 a6 8. b4 Ba7 9. a4 Be6 10. Ba3 a5 11. b5 Ne7 12. d4 Ng6 13. h4 Nf4 14. g3 Nxe2 15. Qxe2 Bg4 16. Qe3 exd4 17. cxd4 O-O 18. O-O Re8 19. Rfe1 Bxf3 20. Qxf3 Bxd4 21. Rad1 Qc8 22. Nc4 Be5 23. b6 Rd8 24. Rc1 c6 25. Nxe5 dxe5 26. Rc5 Qg4 27. Qxg4 Nxg4 28. f3 Nf6 29. Rxe5 Rd3 30. Be7 Rxf3 31. Kg2 Rb3 32. Bc5 Rd8 33. Be7 Rd2+ 34. Kh3 Rdd3 35. Rg1 Rxb6 36. Bxf6 gxf6 37. Rxa5 Rbb3 38. Rf5 Kg7 39. a5 Re3 40. Rf4 Rb4 41. Rg4+ Kf8 42. Rf1 Rexe4 43. Rxe4 Rxe4 44. Rxf6 Kg7 45. Rf5 Rb4 46. a6 bxa6 47. Rc5 Rb6 48. Kg4 Kf6 49. Kh5 Kg7 50. Kg4 Kf6 51. Kf4 Rb4+ 52. Kf3 Rb6 53. Kf4 Ke6 54. Rh5 Kf6 55. Rxh6+ Kg7 56. Rh5 Rb4+ 57. Kf3 Rc4 58. Ra5 Rc3+ 59. Kg4 Rc4+ 60. Kf3 Rc3+ 61. Kg4 Rc4+ 62. Kh3 Rc3 63. Rxa6 c5 64. Rc6 c4 65. Kg4 Rc1 66. h5 c3 67. Kg5 c2 68. g4 f6+ 69. Rxf6 Rh1 70. Rg6+ Kf7 71. Rf6+ Ke7 72. Rc6 c1=Q+ 73. Rxc1 Rxc1 74. h6 Kf7 75. Kf5 Rc5+ 76. Kf4 Kg6 0-1


[Site "https://www.chess.com"]

[Event "Titled Tuesday Blitz August 1 Early 2023"]
[White "Aggelis, Nikolaos"]
[Black "Senft, Sean"]
[WhiteFideId "4213220"]
[BlackFideId "2044960"]
[WhiteElo "2531"]
[BlackElo "2356"]
[Result "1-0"]
[Round "3"]
[TimeControl "180+1"]
[Date "2023.08.01"]
[WhiteClock "0:02:00"]
[BlackClock "0:02:06"]
[Board "189"]

1. d4 d5 2. c4 c6 3. Nf3 Nf6 4. Nc3 e6 5. Bg5 h6 6. Bxf6 Qxf6 7. Qb3 dxc4 8. Qxc4 Nd7 9. e4 e5 10. d5 Nb6 11. Qb3 g6 12. Bc4 Nxc4 13. Qxc4 Bd7 14. O-O Bg7 15. Rad1 O-O 16. d6 Bg4 17. Rd3 Rad8 18. Qc5 Bxf3 19. Rxf3 Qxd6 20. Qxa7 f5 21. exf5 gxf5 22. Qxb7 e4 23. Rg3 Rf7 24. Qb3 f4 25. Rg4 h5 26. Nxe4 Qe5 27. Ng5 hxg4 28. Nxf7 Qd5 29. Nxd8 1-0


[Site "https://www.chess.com"]

[Event "Titled Tuesday Blitz August 1 Early 2023"]
[White "Slavin, Alexey"]
[Black "Necromon"]
[WhiteFideId "24104388"]
[WhiteElo "2353"]
[BlackElo "2460"]
[Result "1-0"]
[Round "3"]
[TimeControl "180+1"]
[Date "2023.08.01"]
[WhiteClock "0:00:10"]
[BlackClock "0:00:00"]
[Board "190"]

1. e4 c5 2. g3 Nc6 3. Bg2 g6 4. Ne2 Bg7 5. O-O d6 6. Nbc3 e6 7. a3 Nge7 8. Rb1 O-O 9. b4 cxb4 10. axb4 a6 11. b5 axb5 12. Nxb5 d5 13. exd5 Nxd5 14. d4 Qe7 15. c4 Nc7 16. Nxc7 Qxc7 17. Bf4 e5 18. dxe5 Nxe5 19. Rb5 Re8 20. Bd5 Ra5 21. Nd4 Rxb5 22. Nxb5 Qc5 23. Re1 h5 24. Kg2 Bg4 25. Qa1 h4 26. Bxe5 h3+ 27. Kg1 Qe7 28. f4 Bxe5 29. Rxe5 Qd7 30. Qd4 Rxe5 31. Qxe5 Qd8 32. Qg5 Qb6+ 33. Kf1 Qe3 34. Qxg6+ 1-0


[Site "https://www.chess.com"]

[Event "Titled Tuesday Blitz August 1 Early 2023"]
[White "Dinu, Dumitru-Daniel"]
[Black "Vifleemskaia, Svetlana"]
[WhiteFideId "1208403"]
[BlackFideId "4129490"]
[WhiteElo "2459"]
[BlackElo "2328"]
[Result "1-0"]
[Round "3"]
[TimeControl "180+1"]
[Date "2023.08.01"]
[WhiteClock "0:00:17"]
[BlackClock "0:00:06"]
[Board "191"]

1. d4 Nf6 2. c4 e6 3. Nf3 Bb4+ 4. Bd2 Bxd2+ 5. Qxd2 d5 6. Nc3 dxc4 7. e3 c5 8. Bxc4 cxd4 9. Nxd4 O-O 10. O-O b6 11. Rad1 Bb7 12. Ndb5 Qxd2 13. Rxd2 Nbd7 14. Rfd1 Nc5 15. Nd6 Bc6 16. b4 Nce4 17. Ncxe4 Nxe4 18. Nxe4 Bxe4 19. f3 Bb7 20. Rd7 Bc6 21. Rc7 Rfc8 22. Rxc8+ Rxc8 23. Ba6 Rb8 24. Rc1 Bd5 25. a3 g5 26. Rc7 Ra8 27. e4 Bb3 28. Kf2 Kg7 29. Ke3 Kf6 30. g3 e5 31. b5 Be6 32. Bb7 Rd8 33. Bc6 Rd1 34. Rxa7 Ra1 35. a4 Ra2 36. a5 Ra3+ 37. Kd2 bxa5 38. b6 Rb3 39. b7 Rb6 40. Ra8 1-0


[Site "https://www.chess.com"]

[Event "Titled Tuesday Blitz August 1 Early 2023"]
[White "Carrasco Miranda, Andres"]
[Black "Martin, Lewis"]
[WhiteFideId "3405990"]
[BlackFideId "410551"]
[WhiteElo "2457"]
[BlackElo "2275"]
[Result "1-0"]
[Round "3"]
[TimeControl "180+1"]
[Date "2023.08.01"]
[WhiteClock "0:01:39"]
[BlackClock "0:00:39"]
[Board "192"]

1. d4 d5 2. c4 c6 3. Nf3 Nf6 4. Qb3 e6 5. Nc3 Nbd7 6. Bg5 h6 7. Bh4 Bd6 8. e3 Qe7 9. Bd3 O-O 10. O-O dxc4 11. Bxc4 a6 12. a4 e5 13. Ne4 exd4 14. Nxd6 Qxd6 15. Nxd4 Nc5 16. Qc2 Nfe4 17. b4 b5 18. bxc5 Nxc5 19. Be2 1-0


[Site "https://www.chess.com"]

[Event "Titled Tuesday Blitz August 1 Early 2023"]
[White "Schut, Han"]
[Black "Bochnicka, Vladimir"]
[WhiteFideId "1005561"]
[BlackFideId "14943450"]
[WhiteElo "2272"]
[BlackElo "2452"]
[Result "0-1"]
[Round "3"]
[TimeControl "180+1"]
[Date "2023.08.01"]
[WhiteClock "0:00:08"]
[BlackClock "0:00:12"]
[Board "193"]

1. e4 e5 2. Nf3 Nc6 3. Bc4 Nf6 4. d4 Nxe4 5. dxe5 Nc5 6. Nc3 Be7 7. O-O O-O 8. Qe2 d6 9. Rd1 Re8 10. h3 Bf8 11. Bf4 Be6 12. exd6 cxd6 13. Qf1 Qf6 14. Bg5 Qg6 15. b4 Nxb4 16. Nd5 Bxd5 17. Bxd5 Nxd5 18. Rxd5 Qxc2 19. a4 Ne4 20. Be3 Rac8 21. Kh1 Nc3 22. Rd2 Qb3 23. Re1 Qxa4 24. Nd4 Ne4 25. Rde2 d5 26. Nf5 g6 27. Bd4 gxf5 28. Re3 Qxd4 29. Rg3+ Nxg3+ 30. fxg3 Rxe1 31. Qxe1 Qe4 0-1


[Site "https://www.chess.com"]

[Event "Titled Tuesday Blitz August 1 Early 2023"]
[White "Mikhaylova, Irina"]
[Black "Gaal, Zsoka"]
[WhiteFideId "4109040"]
[BlackFideId "777765"]
[WhiteElo "2253"]
[BlackElo "2450"]
[Result "0-1"]
[Round "3"]
[TimeControl "180+1"]
[Date "2023.08.01"]
[WhiteClock "0:00:11"]
[BlackClock "0:00:46"]
[Board "194"]

1. Nf3 d5 2. d4 Nf6 3. c4 e6 4. Nc3 c5 5. cxd5 Nxd5 6. e4 Nxc3 7. bxc3 cxd4 8. cxd4 Bb4+ 9. Bd2 Bxd2+ 10. Qxd2 O-O 11. Bc4 Nd7 12. O-O b6 13. d5 Nc5 14. Qe3 exd5 15. Bxd5 Bb7 16. Rad1 Qe7 17. Bxb7 Qxb7 18. e5 Rfd8 19. h3 Qe4 20. Rxd8+ Rxd8 21. Qxe4 Nxe4 22. Re1 Nc5 23. Re2 Kf8 24. g4 Ke7 25. Ng5 h6 26. Ne4 Rd1+ 27. Kg2 Nd3 28. Rc2 Nxe5 29. f4 Nd7 30. Rc7 a5 31. Ng3 Rd2+ 32. Kf3 g6 33. f5 Rxa2 34. fxg6 fxg6 35. h4 Kd6 36. Rc8 Ne5+ 37. Ke4 Ra4+ 38. Ke3 Ra3+ 39. Kf4 Rf3+ 40. Ke4 Rxg3 0-1


[Site "https://www.chess.com"]

[Event "Titled Tuesday Blitz August 1 Early 2023"]
[White "KrokerGuy"]
[Black "hsd2016"]
[WhiteElo "2450"]
[BlackElo "2231"]
[Result "1-0"]
[Round "3"]
[TimeControl "180+1"]
[Date "2023.08.01"]
[WhiteClock "0:00:04"]
[BlackClock "0:00:02"]
[Board "195"]

1. e4 e5 2. Nf3 Nc6 3. Bb5 a6 4. Ba4 Nf6 5. O-O Be7 6. d3 b5 7. Bb3 O-O 8. c3 d5 9. Qe2 Bg4 10. Nbd2 d4 11. h3 Bh5 12. g4 Bg6 13. cxd4 Nxd4 14. Nxd4 Qxd4 15. Nf3 Qd6 16. Nxe5 Qxe5 17. f4 Qd6 18. e5 Qb6+ 19. Kh2 Rad8 20. f5 Kh8 21. exf6 Bxf6 22. fxg6 hxg6 23. Bf4 g5 24. Bg3 c5 25. Rac1 Rfe8 26. Qc2 Qb7 27. Qxc5 Rxd3 28. Qf5 Re2+ 29. Rf2 Rdd2 30. Rc8+ 1-0


[Site "https://www.chess.com"]

[Event "Titled Tuesday Blitz August 1 Early 2023"]
[White "Putri, Regita Desyari"]
[Black "Ventura Bolet, Maxim"]
[WhiteFideId "7109083"]
[BlackFideId "22238824"]
[WhiteElo "2230"]
[BlackElo "2433"]
[Result "0-1"]
[Round "3"]
[TimeControl "180+1"]
[Date "2023.08.01"]
[WhiteClock "0:00:19"]
[BlackClock "0:00:55"]
[Board "196"]

1. d4 d5 2. c4 dxc4 3. e3 Nf6 4. Bxc4 e6 5. Nf3 a6 6. a4 Nc6 7. O-O Bd6 8. Nc3 O-O 9. e4 e5 10. d5 Ne7 11. Bg5 Ng6 12. h3 h6 13. Be3 Nh7 14. Bd3 Bd7 15. a5 Qe7 16. Qc2 Ng5 17. Nxg5 hxg5 18. Rfd1 Nf4 19. Bf1 g6 20. Kh2 Kg7 21. Bxf4 gxf4 22. f3 Qh4 23. Ne2 Bb5 24. Qd2 Bc5 25. Rac1 Be3 26. Qe1 Bf2 27. Qc3 Rae8 28. Rc2 Rh8 29. Qxc7 Bxe2 30. Rxe2 Qg3+ 31. Kh1 Rxh3+ 32. gxh3 Qg1# 0-1


[Site "https://www.chess.com"]

[Event "Titled Tuesday Blitz August 1 Early 2023"]
[White "Swicarz, Maciej"]
[Black "campochess"]
[WhiteFideId "1113585"]
[WhiteElo "2424"]
[BlackElo "2217"]
[Result "1-0"]
[Round "3"]
[TimeControl "180+1"]
[Date "2023.08.01"]
[WhiteClock "0:00:13"]
[BlackClock "0:00:01"]
[Board "197"]

1. c4 e6 2. Nc3 c6 3. e4 e5 4. Nf3 d6 5. d4 exd4 6. Nxd4 Nf6 7. Be2 Be7 8. O-O O-O 9. Be3 Na6 10. Qd2 Nc7 11. Rfd1 Qe8 12. Bf4 Ng4 13. Bxg4 Bxg4 14. f3 Bc8 15. Nc2 Be6 16. Ne3 Rd8 17. Rac1 a6 18. Kh1 f6 19. Ncd5 Bxd5 20. cxd5 Nb5 21. a4 Na7 22. Nf5 c5 23. b4 b6 24. bxc5 bxc5 25. Rb1 Rd7 26. Rb6 Nc8 27. Rxa6 Rf7 28. Ra8 Bf8 29. Rb1 Ra7 30. Rbb8 Rxa8 31. Rxa8 Rd7 32. h3 g6 33. Ne3 Kf7 34. Nc4 Qd8 35. Qb2 Qc7 36. Qb5 h5 37. a5 g5 38. Bh2 Bh6 39. Nb6 Nxb6 40. axb6 Qb7 41. Ra7 Qxa7 42. bxa7 Rxa7 43. Bxd6 Ra1+ 44. Kh2 g4 45. hxg4 hxg4 46. Qxc5 gxf3 47. gxf3 Ra2+ 48. Kg3 Bg5 49. Qc7+ Kg6 50. Qd7 Ra6 51. Bf4 Ra1 52. Qf5+ Kh6 53. Qxf6+ 1-0


[Site "https://www.chess.com"]

[Event "Titled Tuesday Blitz August 1 Early 2023"]
[White "UgarteCesar"]
[Black "Pandey Srishti"]
[BlackFideId "35093290"]
[WhiteElo "2210"]
[BlackElo "2423"]
[Result "0-1"]
[Round "3"]
[TimeControl "180+1"]
[Date "2023.08.01"]
[WhiteClock "0:01:53"]
[BlackClock "0:00:57"]
[Board "198"]

1. d4 Nf6 2. Bg5 c5 3. Bxf6 gxf6 4. d5 Bg7 5. c3 d6 6. g3 f5 7. Bg2 O-O 8. e3 b5 9. Nd2 Bb7 10. Ne2 Nd7 11. Nf3 Nb6 12. Nh4 e6 13. Nf4 Qe7 14. Qh5 Bf6 15. O-O-O b4 16. dxe6 fxe6 17. Bxb7 Qxb7 18. Nxe6 bxc3 19. Nxf8 cxb2+ 20. Kb1 Nc4 21. Qxh7+ Qxh7 22. Nxh7 Na3# 0-1


[Site "https://www.chess.com"]

[Event "Titled Tuesday Blitz August 1 Early 2023"]
[White "Bouget, Alexandre"]
[Black "cycygogne"]
[WhiteFideId "681318"]
[WhiteElo "2410"]
[BlackElo "2154"]
[Result "1-0"]
[Round "3"]
[TimeControl "180+1"]
[Date "2023.08.01"]
[WhiteClock "0:00:32"]
[BlackClock "0:00:23"]
[Board "199"]

1. d4 Nf6 2. c4 c5 3. d5 e6 4. Nc3 exd5 5. cxd5 d6 6. e4 g6 7. f4 Bg7 8. e5 dxe5 9. fxe5 Ng4 10. e6 O-O 11. Qxg4 fxe6 12. Bg5 Qa5 13. Qc4 b5 14. Qxc5 Na6 15. Qe3 Nb4 16. Qd2 Bb7 17. Nf3 exd5 18. Be2 d4 19. Nxb5 Nc2+ 20. Kf2 Qxd2 21. Bxd2 Nxa1 22. Rxa1 Rac8 23. Nd6 Rc2 24. Rd1 Bxf3 25. Bxf3 Rxb2 26. Kg1 Rd8 27. Bf4 g5 28. Bd5+ Kf8 29. Bg3 h5 30. h3 h4 31. Rf1+ Ke7 32. Rf7# 1-0


[Site "https://www.chess.com"]

[Event "Titled Tuesday Blitz August 1 Early 2023"]
[White "Rodriguez Fontecha, Marcos"]
[Black "Castillo Pena, Patricia Evarista"]
[WhiteFideId "2256576"]
[BlackFideId "6412106"]
[WhiteElo "2404"]
[BlackElo "1992"]
[Result "1-0"]
[Round "3"]
[TimeControl "180+1"]
[Date "2023.08.01"]
[WhiteClock "0:00:55"]
[BlackClock "0:01:24"]
[Board "200"]

1. e4 c5 2. Nc3 Nc6 3. Bb5 Nd4 4. Nf3 a6 5. Bd3 d6 6. Nxd4 cxd4 7. Ne2 e5 8. c3 dxc3 9. dxc3 Nf6 10. O-O Bg4 11. Qb3 Qc7 12. Be3 b5 13. a4 Rb8 14. axb5 axb5 15. Ra7 Qc8 16. Qxf7+ Kd8 17. Qa2 Be6 18. Qa5+ Ke8 19. Bxb5+ Bd7 20. Bxd7+ Nxd7 21. b4 Be7 22. Ra1 Rf8 23. Qd5 Nf6 24. Qd3 Kf7 25. b5 Kg8 26. Rxe7 1-0


[Site "https://www.chess.com"]

[Event "Titled Tuesday Blitz August 1 Early 2023"]
[White "ilya2700"]
[Black "Csonka, Balazs"]
[BlackFideId "742910"]
[WhiteElo "2043"]
[BlackElo "2717"]
[Result "0-1"]
[Round "3"]
[TimeControl "180+1"]
[Date "2023.08.01"]
[WhiteClock "0:00:06"]
[BlackClock "0:00:17"]
[Board "201"]

1. e4 e5 2. Nf3 Nc6 3. Bc4 Nf6 4. Nc3 Nxe4 5. Nxe4 d5 6. Bd3 dxe4 7. Bxe4 Bd6 8. O-O O-O 9. b3 f5 10. Bd5+ Kh8 11. Bb2 e4 12. Bxc6 bxc6 13. Ne5 Qh4 14. f4 Ba6 15. c4 Rae8 16. Qe1 Qxe1 17. Raxe1 Rd8 18. Nxc6 Bc5+ 19. Kh1 Rxd2 20. Be5 Bb7 21. b4 Bf2 22. Na5 Ba8 23. Rd1 Rxd1 24. Rxd1 e3 25. Bc3 e2 26. Re1 Rd8 27. Rxe2 Rd1+ 28. Be1 Rxe1+ 29. Rxe1 Bxe1 30. a3 c5 31. Kg1 cxb4 32. c5 bxa3 33. Nc4 a2 0-1


[Site "https://www.chess.com"]

[Event "Titled Tuesday Blitz August 1 Early 2023"]
[White "Acikel, Mert"]
[Black "Koshulyan, Egor A."]
[WhiteFideId "12956465"]
[BlackFideId "24237000"]
[WhiteElo "2321"]
[BlackElo "2663"]
[Result "0-1"]
[Round "3"]
[TimeControl "180+1"]
[Date "2023.08.01"]
[WhiteClock "0:00:48"]
[BlackClock "0:00:53"]
[Board "202"]

1. e4 c5 2. Nf3 Nc6 3. Bb5 g5 4. h3 Nf6 5. Nc3 Nd4 6. Ba4 Qc7 7. d3 h6 8. Nxd4 cxd4 9. Ne2 e5 10. c3 dxc3 11. Nxc3 a6 12. Be3 Bg7 13. Rc1 Qa5 14. Bb3 O-O 15. O-O d6 16. Qe2 Be6 17. Bxe6 fxe6 18. Rfd1 d5 19. exd5 exd5 20. d4 e4 21. a3 Qb6 22. Na4 Qd6 23. Rc5 b5 24. Nc3 Nd7 25. Rxd5 Qe7 26. Qg4 Nf6 27. Qf5 Nxd5 28. Qxd5+ Kh8 29. Qxe4 Qf7 30. d5 Rae8 31. Qd3 Rd8 32. Bc5 Rfe8 33. d6 Re5 34. Bb6 Rd7 35. Ne4 Re6 36. b4 Qg6 37. Bc7 Qxe4 0-1


[Site "https://www.chess.com"]

[Event "Titled Tuesday Blitz August 1 Early 2023"]
[White "Myers, Dominique"]
[Black "Kvaloy, Aksel Bu"]
[WhiteFideId "2041715"]
[BlackFideId "1528815"]
[WhiteElo "2318"]
[BlackElo "2633"]
[Result "0-1"]
[Round "3"]
[TimeControl "180+1"]
[Date "2023.08.01"]
[WhiteClock "0:00:47"]
[BlackClock "0:00:47"]
[Board "203"]

1. e4 e6 2. Nc3 d5 3. Nf3 Nf6 4. e5 Nfd7 5. d4 c5 6. dxc5 Bxc5 7. Bd3 Nc6 8. Bf4 h6 9. h4 O-O 10. h5 Qb6 11. Qd2 Qxb2 12. Rb1 Qa3 13. Rb3 Qa5 14. Bxh6 Ncxe5 15. Nxe5 Nxe5 16. Bxg7 Nxd3+ 17. Qxd3 Kxg7 18. Rh3 Bd6 19. h6+ Kh8 20. Rg3 Bxg3 21. Qxg3 Rg8 22. Qe5+ Kh7 23. Rb5 Qd8 24. Qf4 Qe7 25. Rc5 Bd7 26. Rc7 Rac8 27. Rxc8 Rxc8 28. Ne2 e5 29. Qf3 Be6 30. Ng3 Qb4+ 0-1


[Site "https://www.chess.com"]

[Event "Titled Tuesday Blitz August 1 Early 2023"]
[White "Fajdetic, Hrvoje"]
[Black "Lizak, Peter"]
[WhiteFideId "14501945"]
[BlackFideId "731595"]
[WhiteElo "2316"]
[BlackElo "2612"]
[Result "0-1"]
[Round "3"]
[TimeControl "180+1"]
[Date "2023.08.01"]
[WhiteClock "0:00:08"]
[BlackClock "0:00:16"]
[Board "204"]

1. d4 Nf6 2. Bf4 c5 3. e3 d5 4. Nc3 cxd4 5. exd4 a6 6. Bd3 Nc6 7. Nce2 Bg4 8. c3 e6 9. Qb3 Qc8 10. h4 Be7 11. Ng3 Nh5 12. f3 Nxf4 13. Bf1 Bf5 14. Nxf5 exf5 15. g3 Ne6 16. Qxd5 O-O 17. Qxf5 Bd6 18. Kf2 g6 19. Qh3 h5 20. d5 Bc5+ 21. Kg2 f5 22. dxe6 Qxe6 23. Kh2 Rad8 24. Qg2 f4 25. g4 Kh8 26. Nh3 Be3 27. Re1 Qf6 28. Ng5 Rd2 29. Re2 Rfd8 30. Ne4 Qxh4+ 31. Qh3 Qxh3+ 32. Kxh3 Rxe2 33. Bxe2 hxg4+ 34. Kxg4+ Kg7 35. Ng5 Ne5+ 36. Kh3 Rd2 37. Rh2 Rxb2 38. Ne6+ Kf6 39. Nd8 g5 40. a4 Bb6 41. Nxb7 Bg1 42. Rg2 Rxb7 43. Rxg1 Rb2 44. Rg2 Rc2 45. c4 Rc3 46. Rf2 Rc2 47. c5 Rc3 48. Bxa6 g4+ 49. Kh4 g3 50. Rf1 g2 51. Rg1 Nxf3+ 52. Kh3 Nxg1+ 53. Kxg2 Nf3 54. c6 Nh4+ 55. Kf2 Rxc6 56. Bb5 Rc3 57. a5 Ra3 58. a6 Ra2+ 59. Kf1 Ke5 60. Bc4 Ra4 61. Bb5 Ra5 62. Bd3 Kd4 63. Be2 Ke3 64. Bc4 Ra1# 0-1


[Site "https://www.chess.com"]